 Dungeon Crawl Stone Soup version 0.28-a0-991-g956f0ee3d5 (webtiles) character file.

Game seed: 17501068021420495464

56 Hipnos the Sneak (level 3, -2/18 HPs)
             Began as a Spriggan Brigand on Dec 4, 2021.
             Was a Follower of Makhleb.
             Slain by a worm (9 damage)
             ... on level 3 of the Dungeon.
             The game lasted 00:02:09 (1412 turns).

Hipnos the Sneak (Spriggan Brigand)                 Turns: 1412, Time: 00:02:09

Health: -2/18      AC:  3    Str:  7    XL:     3   Next: 69%
Magic:  4/4        EV: 16    Int: 12    God:    Makhleb [*.....]
Gold:   55         SH:  0    Dex: 18    Spells: 2/2 levels left

rFire   . . .      SeeInvis +   a - +2 dagger
rCold   . . .      Faith    .   (shield restricted)
rNeg    . . .      Spirit   .   b - +0 robe
rPois   .          Reflect  .   (helmet restricted)
rElec   .          Harm     .   c - +0 cloak
rCorr   .          Rampage  .   (gloves unavailable)
Will    .....                   (boots unavailable)
Stlth   ++++......              (no amulet)
HPRegen 0.06/turn               (no ring)
MPRegen 0.09/turn               (no ring)

@: very quick
A: very small, no large weapons, unfitting armour, see invisible, speed 3
a: Renounce Religion


You were on level 3 of the Dungeon.
You worshipped Makhleb.
Makhleb was aware of your devotion.
You visited 1 branch of the dungeon, and saw 3 of its levels.

You collected 55 gold pieces.

Inventory:

Hand Weapons
 a - a +2 dagger (weapon)
Missiles
 d - 8 poisoned darts (quivered)
 e - 2 curare-tipped darts
Armour
 b - a +0 robe (worn)
 c - a +0 cloak (worn)
Jewellery
 l - a ring of poison resistance
Scrolls
 g - 6 scrolls of identify {unknown}
 i - a scroll of amnesia {unknown}
 j - a scroll of enchant weapon {unknown}
 n - a scroll of magic mapping {unknown}
 o - 2 scrolls of teleportation {unknown}
 q - a scroll of summoning {unknown}
 t - a scroll of immolation
Potions
 f - a potion of curing {unknown}
 h - a potion of resistance {unknown}
 k - a potion of mutation {unknown}
 m - a potion of haste {unknown}
 p - a potion of heal wounds {unknown}
 r - a potion of lignification {unknown}
 s - a potion of might {unknown}


   Skills:
 + Level 1.6 Fighting
 + Level 2.2 Short Blades
 * Level 2.1 Throwing
 + Level 1.5 Dodging
 * Level 7.9 Stealth


You had 2 spell levels left.
You didn't know any spells.
Your spell library was empty.

Dungeon Overview and Level Annotations

Branches:
Dungeon (2/15)

Altars:
Makhleb

Annotations:
D:3 1 transporter


Innate Abilities, Weirdness & Mutations

You are very small and have problems with some larger weapons.
You are too small for most types of armour.
You have supernaturally acute eyesight. (SInv)
You cover ground extremely quickly. (Speed+++)


Message History

You cannot tell which god this altar belongs to.
Convert to them anyway?
Makhleb accepts your prayer! Makhleb welcomes you!
You can now gain health from killing.
The helpless adder fails to defend itself.
You skewer the adder like a kebab!!!
You kill the adder!
Makhleb accepts your kill.
You see here an adder corpse.
A bat and a hobgoblin come into view.
A worm comes into view.
Found 3 curare-tipped darts.
You hit the worm but do no damage.
The hobgoblin shouts!
An endoplasm comes into view.
A giant cockroach comes into view.
The endoplasm quivers.
You hit the hobgoblin but do no damage. The bat closely misses you.
The bat completely misses you. The hobgoblin closely misses you.
You hit the hobgoblin.
The hobgoblin is heavily wounded.
The bat hits you but does no damage.
A hobgoblin comes into view.
The hobgoblin closely misses you. The bat closely misses you.
You hit the hobgoblin but do no damage.
The hobgoblin is heavily wounded.
The bat closely misses you. The bat hits you but does no damage.
The hobgoblin misses you.
You hit the hobgoblin but do no damage.
The hobgoblin is heavily wounded.
The bat hits you but does no damage.
The hobgoblin hits you but does no damage.
You hit the hobgoblin.
The hobgoblin is severely wounded.
The bat hits you but does no damage. The bat barely misses you.
The hobgoblin hits you. The bat hits you but does no damage. The bat hits you.
The bat barely misses you. The worm bites you!
Ouch! That really hurt!
You die...

##......_....+.#
#.##....#Z.##....#
###.##.#......[....#
#.......#..........#
##########.####.........##..#
............###...##.##.#.#.#
.....##.##...##....†........#
#.#.##.#.###................
..g ..(#w@##############
#.##. .###b.# ....##.##.J..#
.......g.g....# .
.......B...## ############


You could see a worm, an endoplasm, a giant cockroach, a hobgoblin, a bat and a
water moccasin skeleton (wandering).

Vanquished Creatures
  A gnoll (D:1)
  3 adders
  A dart slug (D:1)
  An endoplasm (D:1)
  A giant cockroach (D:2)
  4 goblins
  A hobgoblin (D:1)
  2 quokkas
  A frilled lizard (D:1)
  4 rats
19 creatures vanquished.

Notes
Turn   | Place    | Note
-------+----------+-------------------------------------------
     0 | D:1      | Hipnos the Spriggan Brigand began the quest for the Orb.
     0 | D:1      | Reached XP level 1. HP: 10/10 MP: 2/2
    32 | D:1      | Reached skill level 6 in Stealth
   408 | D:1      | Reached XP level 2. HP: 14/14 MP: 3/3
   463 | D:1      | Reached skill level 7 in Stealth
   790 | D:2      | Reached XP level 3. HP: 6/18 MP: 4/4
  1195 | D:2      | You fall into a shaft and drop 1 floor!
  1319 | D:3      | Found a transporter.
  1360 | D:3      | Found a faded altar of an unknown god.
  1369 | D:3      | Prayed at the altar of an unknown god.
  1369 | D:3      | Became a worshipper of Makhleb the Destroyer
  1369 | D:3      | Reached * piety under Makhleb
  1412 | D:3      | Slain by a worm

Illustrated notes

Levels and vault maps discovered:
D:1:      lightli_arrival_isolated_outpost, layout_loops_ring,
          serial_bayou_pond_a
D:2:      layout_basic
D:3:      layout_basic, gammafunk_ghost_abyssal_escape,
          hellmonk_ecumenical_altar_blasted, roderic_batcave, minmay_ruptured

Skill      XL: |  1  2 |
---------------+-------+-----
Stealth        | 6 7 |  7.9
Fighting       | |  1.6
Short Blades   | |  2.2
Throwing       | |  2.1
Dodging        | |  1.5

Action                   || total
-------------------------++-------
Melee: Dagger            ||    42
Throw: Dart              ||    10
 Stab: Sleeping          ||     9
       Distracted        ||     1
Armor: Robe              ||     8
Dodge: Dodged            ||    22

Table legend: (Time is in decaauts)
 A = Elapsed time spent in this place.
 B = Non-inter-level travel time spent in this place.
 C = Inter-level travel time spent in this place.
 D = Time resting spent in this place.
 E = Time spent auto-exploring this place.
 F = Levels seen in this place.
 G = Mean time per level.
                   A        B        C        D        E       F      G
               +--------+--------+--------+--------+--------+-----+--------+
         Total |   1026 |   1003 |     23 |      0 |    819 |   3 |  342.0 |
       Dungeon |   1026 |   1003 |     23 |      0 |    819 |   3 |  342.0 |
               +--------+--------+--------+--------+--------+-----+--------+

Top non-repeatable levels by time:
     D:1: 477 daAuts
     D:2: 396 daAuts
     D:3: 153 daAuts
